 Dungeon Crawl Stone Soup version 0.25-a0-663-gace7076f2c (webtiles) character file.

Game seed: 14366097422719680864, levelgen mode: deterministic

644 Esekla the Stinger (level 7, -1/45 HPs)
             Began as an Octopode Venom Mage on Mar 26, 2020.
             Was a Follower of Ashenzari.
             Slain by a killer bee (9 damage)
             ... on level 5 of the Dungeon.
             The game lasted 00:28:01 (5012 turns).

Esekla the Stinger (Octopode Venom Mage)            Turns: 5012, Time: 00:28:02

Health: -1/45      AC:  1    Str:  9    XL:     7   Next: 52%
Magic:  0/12       EV: 14    Int: 18    God:    Ashenzari [*.....]
Gold:   271        SH:  0    Dex: 12    Spells: 6/12 levels left

rFire    . . .     SeeInvis .   o - +2 rapier (flame) (curse)
rCold    . . .     Gourm    .   (no shield)
rNeg     . . .     Faith    .   (helmet restricted)
rPois    .         Spirit   .   (no amulet)
rElec    .         Reflect  .   h - ring of resist corrosion
rCorr    +         Harm     .   (no ring)
MR       .....                  (no ring)
Stlth    ++++......             (no ring)
HPRegen  0.15/turn              (no ring)
MPRegen  0.13/turn              (no ring)
                                (no ring)
                                (no ring)

@: lethally poisoned (-1 -> -21)
A: almost no armour, stealthy swim, amphibious, 8 rings, constrict 8, camouflage
1, gelatinous body 1
a: Curse Item, Scrying, Renounce Religion


You were on level 5 of the Dungeon.
You worshipped Ashenzari.
Ashenzari was aware of your devotion.
You were hungry.

You visited 1 branch of the dungeon, and saw 5 of its levels.

You collected 271 gold pieces.

Inventory:

Hand Weapons
 j - a +2 spear of freezing
 o - a cursed +2 rapier of flaming (weapon)
Missiles
 n - 25 poisoned darts (quivered)
 r - 8 boomerangs
Jewellery
 h - a ring of resist corrosion (left tentacle)
Scrolls
 a - a scroll of fear {unknown}
 f - a scroll of random uselessness {unknown}
 k - 2 scrolls of enchant armour {unknown}
 l - 2 scrolls of remove curse
 p - a scroll of noise {unknown}
 q - a scroll of enchant weapon {unknown}
Potions
 c - a potion of brilliance
 d - a potion of stabbing
 e - a potion of invisibility
 g - 2 potions of heal wounds
 i - 2 potions of mutation {unknown}
 m - 2 potions of ambrosia
Comestibles
 b - 4 rations


   Skills:
 * Level 2.6 Fighting
 + Level 1.4 Short Blades
 + Level 1.8 Polearms
 + Level 0.5 Throwing
 * Level 3.5 Dodging
 + Level 4.5 Stealth
 * Level 3.4 Spellcasting
 * Level 2.2 Conjurations
 - Level 1.0 Transmutations
 * Level 2.1 Air Magic
 + Level 4.5 Poison Magic


You had 6 spell levels left.
You knew the following spells:

 Your Spells              Type           Power        Failure   Level  Hunger
a - Sting                 Tmut/Pois      ##..         4%          1    None
c - Mephitic Cloud        Conj/Pois/Air  ##......     14%         3    ###....
v - Poisonous Vapours     Pois/Air       ###...       6%          2    ##.....

Your spell library contained the following spells:

 Spells                   Type           Power        Failure   Level  Hunger
 Ignite Poison            Fire/Tmut/Pois #.......     22%         3    ###....
 Olgreb's Toxic Radiance  Pois           ###.....     24%         4    ####...


Dungeon Overview and Level Annotations

Branches:
Dungeon (5/15)             Temple (0/1) D:4

Altars:
Ashenzari
Dithmenos
Fedhas
Hepliaklqana
Nemelex Xobeh
Trog
Uskayaw


Innate Abilities, Weirdness & Mutations

You cannot wear most types of armour.
You are very stealthy in the water. (Stealth+)
You are amphibious.
You can wear up to eight rings at the same time.
You can use your tentacles to constrict eight enemies at once.
Your skin changes colour to match your surroundings (Stealth+).
Your rubbery body absorbs attacks. (AC +1, EV +1)


Message History

The killer bee looks even sicker.
The killer bee stings you!
The killer bee is engulfed in poison gas.
The killer bee looks even sicker.
You feel sick. The killer bee stings you.
You are lethally poisoned!
The killer bee poisons you!
You feel sick.
The killer bee looks more healthy.
You kill the killer bee!
The killer bee completely misses you.
You feel sick. The killer bee stings you.
* * * LOW HITPOINT WARNING * * *
You are more poisoned.
The killer bee poisons you!
You miss the killer bee. Your grab misses the killer bee.
Your squeeze misses the killer bee.
The killer bee is almost dead.
* * * LOW HITPOINT WARNING * * *
You feel sick. The killer bee barely misses you. The killer bee misses you.
The killer bee stings you!
You die...

.........# ##...##
##....# .........#
##.## #......
........## ###
##...... .........##
#....... .......#.5###
#....#..
.<....####..##
#....#.. .....#
##..########...##..
...##
###y...............
..#
###.@................
##
##........############
##........## #
##........##
##.........#
##.........##
#........#.#
###...###### #####


You could see a killer bee.

Vanquished Creatures
  A bullfrog (D:5)
  4 killer bees (D:5)
  2 hounds (D:4)
  An orc priest (D:3)
  2 orc wizards (D:4)
  2 worker ants
  Robin (D:2)
  A howler monkey skeleton (D:4)
  7 adders
  A shadow imp (D:5)
  5 worms
  2 dart slugs
  A leopard gecko (D:3)
  15 orcs
  2 ball pythons (D:3)
  7 bats
  5 giant cockroaches
  20 goblins
  10 hobgoblins
  5 jackals
  8 kobolds
  A quokka (D:2)
  4 frilled lizards
  9 rats
116 creatures vanquished.

Notes
Turn   | Place    | Note
-------+----------+-------------------------------------------
     0 | D:1      | Esekla the Octopode Venom Mage began the quest for the Orb.
     0 | D:1      | Reached XP level 1. HP: 11/11 MP: 3/3
    87 | D:1      | Reached XP level 2. HP: 12/18 MP: 1/5
    99 | D:1      | Learned a level 2 spell: Poisonous Vapours
   520 | D:1      | Reached XP level 3. HP: 19/22 MP: 3/6
   666 | D:1      | Found a shattered altar of Ashenzari.
   674 | D:1      | Became a worshipper of Ashenzari the Shackled
  1344 | D:2      | Reached skill level 1 in Fighting
  1437 | D:2      | Reached XP level 4. HP: 26/28 MP: 3/8
  1443 | D:2      | Learned a level 3 spell: Mephitic Cloud
  1444 | D:2      | Found a hide-covered altar of Uskayaw.
  1444 | D:2      | Noticed a +0 hand axe
  1444 | D:2      | Noticed a +0 hand axe
  1466 | D:2      | Noticed Robin
  1475 | D:2      | Killed Robin
  1475 | D:2      | Reached skill level 1 in Short Blades
  1566 | D:2      | Found a sparkling altar of Nemelex Xobeh.
  1729 | D:2      | Found a shadowy altar of Dithmenos.
  2000 | D:2      | Found a sparkling altar of Nemelex Xobeh.
  2062 | D:3      | Reached skill level 1 in Air Magic
  2079 | D:3      | Found a hazy altar of Hepliaklqana.
  2084 | D:3      | Reached XP level 5. HP: 28/33 MP: 9/9
  2406 | D:3      | Reached skill level 1 in Polearms
  2720 | D:3      | Noticed a moth of wrath
  2722 | D:3      | Found a bloodstained altar of Trog.
  2909 | D:3      | Reached skill level 1 in Conjurations
  3453 | D:4      | Reached XP level 6. HP: 39/39 MP: 10/10
  3522 | D:4      | Reached * piety under Ashenzari
  3525 | D:4      | Found a staircase to the Ecumenical Temple.
  4408 | D:3      | Found a blossoming altar of Fedhas.
  4581 | D:5      | Entered Level 5 of the Dungeon
  4730 | D:5      | Reached XP level 7. HP: 26/45 MP: 8/11
  5012 | D:5      | Slain by a killer bee

Levels and vault maps discovered:
D:1:      minmay_arrival_stone_box, layout_basic, minmay_misc_feat_columns,
          minmay_misc_feat_four_crosses, kennysheep_flooded_box,
          minmay_misc_feat_ornament
D:2:      layout_basic, dancing_weapons_uskayaw,
          nemelex_xobeh_ov_fountains_minmay, grunt_dithmenos_smoke,
          skrybe_limestone_x, grunt_ministairs_2, st_stairs_3,
          ebering_dispersal_statue_hall, nemelex_diamond_rough_becter,
          uniq_robin
D:3:      layout_rooms, lemuel_round_altar, fedhas_altar_4, tgw_trog
D:4:      layout_basic, minmay_temple_entry_from_below_b
D:5:      layout_cave_pods, serial_shops, shop,
          nicolae_shop_temple_entry_statues_fountains, first_ration, basic_altar

Skill      XL: |  1  2  3  4  5  6  7 |
---------------+----------------------+-----
Poison Magic   | 4 |  4.5
Fighting       | 1 2 |  2.6
Short Blades   | 1 |  1.4
Stealth        | 3 4 |  4.5
Air Magic      | 1 2 |  2.1
Spellcasting   | 3 |  3.4
Polearms       | 1 |  1.8
Conjurations   | 1 2 |  2.2
Dodging        | 3 |  3.5
Throwing       | |  0.5
Transmutations | |  1.0

Action                   |  1- 3 |  4- 6 |  7- 9 || total
-------------------------+-------+-------+-------++-------
Melee: Short sword       |    41 |       |       ||    41
       Unarmed           |     3 |       |       ||     3
       Constrict         |    11 |    25 |     2 ||    38
       Tentacles         |     5 |    10 |     1 ||    16
       Spear             |     9 |   126 |       ||   135
       Rapier            |       |    23 |     6 ||    29
Throw: Dart              |       |     6 |       ||     6
 Cast: Sting             |     4 |       |       ||     4
       Poisonous Vapours |    18 |    31 |    10 ||    59
       Mephitic Cloud    |       |     3 |       ||     3
Invok: Curse Item        |       |     1 |       ||     1
  Use: Potion            |       |     1 |       ||     1
       Scroll            |       |     4 |       ||     4
 Stab: Sleeping          |     1 |    14 |       ||    15
  Eat: Ration            |     1 |     1 |       ||     2
       Chunk             |       |     9 |       ||     9
Armor: Skin              |    18 |     2 |       ||    20
Dodge: Dodged            |    39 |    73 |    14 ||   126

Table legend:
 A = Non-vault XP
 B = Vault XP
 C = Vault XP percentage of total XP
 D = Non-vault monster count
 E = Vault monster count
 F = Vault count percentage of total count
                 A         B        C        D         E       F
            +---------+---------+-------+---------+---------+-------
      Total |     864 |      56 |   6.1 |      95 |      21 |  18.1
            +---------+---------+-------+---------+---------+-------
        D:1 |      59 |       0 |   0.0 |      27 |       0 |   0.0
        D:2 |      42 |      43 |  50.6 |      15 |      16 |  51.6
        D:3 |     159 |      13 |   7.6 |      35 |       5 |  12.5
        D:4 |     198 |       0 |   0.0 |      10 |       0 |   0.0
        D:5 |     406 |       0 |   0.0 |       8 |       0 |   0.0
            +---------+---------+-------+---------+---------+-------
